 Dungeon Crawl Stone Soup version 0.25.1-1-g288607f5aa (webtiles) character file.

Game seed: 8947558852640538886

34738 DerDa the Eclecticist (level 13, -10/101 HPs)
             Began as a Mummy Necromancer on July 26, 2020.
             Was a High Priest of Sif Muna.
             Killed by divine providence
             ... invoked by a meliai
              (12 damage)
             ... on level 4 of the Lair of Beasts.
             The game lasted 01:23:39 (28144 turns).

DerDa the Eclecticist (Mummy Necromancer)          Turns: 28144, Time: 01:23:52

Health: -10/101    AC: 10    Str: 11    XL:     13   Next: 43%
Magic:  41/41      EV: 14    Int: 19    God:    Sif Muna [*****.]
Gold:   245        SH:  5    Dex: 13    Spells: 28/42 levels left

rFire    x . .     SeeInvis .   Q - +3 whip (venom)
rCold    + . .     Gourm    .   j - +0 buckler
rNeg     + + +     Faith    +   D - +4 troll leather armour
rPois    ∞         Spirit   .   (no helmet)
rElec    .         Reflect  .   (no cloak)
rCorr    .         Harm     .   s - +1 pair of gloves
MR       +....                  (no boots)
Stlth    ++........             v - amulet of faith
HPRegen  0.66/turn              E - +4 ring of slaying
MPRegen  0.27/turn              G - ring of magical power

@: no status effects
A: no food or potions, fire vulnerability, cold resistance 1, negative energy
resistance 3, torment resistance, unbreathing, in touch with death 1
a: Channel Magic, Forget Spell, Divine Exegesis, Renounce Religion


You were on level 4 of the Lair of Beasts.
You worshipped Sif Muna.
Sif Muna was extremely pleased with you.
You were not hungry.

You visited 4 branches of the dungeon, and saw 18 of its levels.

You collected 245 gold pieces.

Inventory:

Hand Weapons
 b - a +0 hunting sling
 r - a +3 spear of draining
 J - a +1 demon blade of electrocution
 Q - a +3 whip of venom (weapon)
Missiles
 f - 20 poisoned darts (quivered)
 g - 147 bolts
 h - 137 sling bullets
 n - 13 atropa-tipped darts
Armour
 j - a +0 buckler (worn)
 k - a +0 pair of gloves
 s - a +1 pair of gloves (worn)
 x - a +2 robe of the Archmagi
 D - a +4 troll leather armour (worn)
Magical Staves
 O - an uncursed staff of cold
 P - an uncursed staff of wizardry
Jewellery
 c - an uncursed ring of ice
 m - an uncursed ring of protection from magic
 o - an uncursed ring of protection from magic
 u - an uncursed ring of ice
 v - an amulet of faith (around neck)
 E - a +4 ring of slaying (left hand)
 G - a ring of magical power (right hand)
 H - an uncursed ring of ice
 K - an uncursed ring of flight
 R - an uncursed amulet of reflection
Wands
 e - a wand of clouds (9)
 l - a wand of enslavement (5)
 w - a wand of iceblast (15)
 A - a wand of acid (11)
 C - a wand of polymorph (8)
 I - a wand of disintegration (14)
Scrolls
 a - a scroll of vulnerability
 d - 6 scrolls of amnesia
 i - 4 scrolls of teleportation
 p - 8 scrolls of remove curse
 t - 3 scrolls of enchant armour
 z - 2 scrolls of magic mapping
 B - a scroll of torment
 F - 4 scrolls of summoning
 N - a scroll of silence


   Skills:
 * Level 9.3 Fighting
 + Level 5.6 Dodging
 - Level 1.5 Stealth
 - Level 4.0 Shields
 * Level 15.3 Spellcasting
 * Level 13.5 Necromancy
 + Level 5.7 Invocations


You had 28 spell levels left.
You knew the following spells:

 Your Spells              Type           Power        Failure   Level  Hunger
a - Pain                  Necr           ####         1%          1    N/A
b - Animate Skeleton      Necr           N/A          1%          1    N/A
c - Vampiric Draining     Necr           #######...   1%          3    N/A
d - Animate Dead          Necr           N/A          1%          4    N/A
e - Agony                 Necr           #######.     1%          5    N/A

Your spell library contained the following spells:

 Spells                   Type           Power        Failure   Level  Hunger
 Infestation              Necr           #######...   82%         8    N/A
 Bolt of Magma            Conj/Fire/Erth ##........   85%         5    N/A
 Fireball                 Conj/Fire      ##........   85%         5    N/A
 Conjure Ball Lightning   Conj/Air       ##........   100%        6    N/A
 Starburst                Conj/Fire      ##........   100%        6    N/A

Dungeon Overview and Level Annotations

Branches:
Dungeon (11/15)            Temple (1/1) D:7            Lair (5/6) D:9
  Swamp (0/4) Lair:2       Spider (0/4) Lair:3          Orc (1/2) D:10
  Slime: Lair:5-6

Altars:
Ashenzari
Cheibriados
Dithmenos
Elyvilon
Fedhas
Gozag
Hepliaklqana
Kikubaaqudgha
Makhleb
Nemelex Xobeh
Okawaru
Qazlal
Ru
Sif Muna
Trog
Uskayaw
Vehumet
Wu Jian
Xom
Yredelemnul
Zin
The Shining One

Shops:
D:4 %

Annotations:
D:6 Blork the orc
D:10 Maurice
Lair:5 exclusion: oklob plant


Innate Abilities, Weirdness & Mutations

You do not eat or drink.
Your flesh is vulnerable to fire.
You are immune to poison.
Your flesh is cold resistant. (rC+)
You are immune to negative energy. (rN+++)
You are immune to unholy pain and torment.
You can survive without breathing.
You are in touch with the powers of death.


Message History

The killer bee misses you. The rime drake breathes ice at you.
The flash freeze hits you! You partially resist.
* * * LOW HITPOINT WARNING * * *
You are encased in ice.
The killer bee stings you but does no damage.
The killer bee stings you.
* * * LOW HITPOINT WARNING * * *
The meliai closely misses you. The meliai completely misses you.
You block the killer bee's attack. The meliai closely misses you.
The meliai stings you.
* * * LOW HITPOINT WARNING * * *
The ice encasing you melts away. The meliai hits you with a +0 hand axe!
* * * LOW HITPOINT WARNING * * *
The meliai stings you.
* * * LOW HITPOINT WARNING * * *
The meliai invokes the aid of its god against you.
Something smites you!
You die...

......### ####.#..............#
# ........###
#.Z..<....(.....#### ........#.#
##....(......!..# #. .........##
#.#...#.##.##.##### .......Z.##
##..#..#.#..#..#..# #
#.........###...#.#†#.##.##.###
##......####...#.#.###........##
##......# #P...#.###...#......#
##...Z## #..#.@#y#....##.##..##
#.....####...#y#.........#...#
###P...##.....#yk......#...#..
#..P...#....#.#...#..###.###.
##.PP......#.#..y.#...#...#..
##PP...#.###....y..#...#...#
###..#.#.#.......###.###.##
#..P###.#....#.y.#...#...#
....## #...#...#...#...#y.


You could see a rime drake, 2 meliai and 3 killer bees.

Vanquished Creatures
  An orc warlord (D:10)
  Nessos (Lair:3)
  Erolcha (D:10)
  Fannar (Lair:3)
  3 hydras
  2 two-headed ogres (D:11)
  An ugly thing (D:10)
  2 elephants
  3 black mambas
  Psyche (D:11)
  11 spiny frogs
  2 centaur skeletons (D:10)
  A rime drake (Lair:5)
  2 komodo dragons
  6 trolls
  7 hippogriffs
  6 blink frogs
  3 dream sheep (Lair:4)
  16 yaks
  A wyvern (Lair:3)
  A human (D:7)
  A wraith (D:10)
  3 hogs (D:7)
  6 basilisks
  2 hungry ghosts (D:8)
  Eustachio (D:5)
  A steam dragon (D:11)
  4 vampire mosquitoes
  4 wargs (D:10)
  A soldier ant (D:10)
  12 water moccasins
  7 porcupines
  A phantom (D:8)
  11 orc warriors
  An eye of draining (D:10)
  A sky beast (D:9)
  2 necrophages
  An ice beast (D:8)
  17 wolves
  A boggart (D:10)
  2 centaurs
  6 ogres
  A big kobold (D:8)
  9 crocodiles
  13 bullfrogs
  3 gnoll sergeants (D:7)
  3 scorpions
  A water moccasin skeleton (D:8)
  A wyvern skeleton (D:11)
  10 killer bees
  4 wights (D:9)
  An electric eel (Lair:2)
  2 howler monkeys
  8 crimson imps
  A bullfrog zombie (D:8)
  2 quasits
  5 orc priests
  3 jellies
  A centaur zombie (D:7)
  5 hounds
  11 orc wizards
  2 bullfrog skeletons
  2 gnoll shamans (D:7)
  4 iguanas
  11 worker ants
  2 killer bee zombies
  A hound skeleton (D:8)
  15 gnolls
  9 adders
  4 shadow imps
  A white imp (D:10)
  2 adder skeletons (D:9)
  3 worms
  A dart slug (D:3)
  5 leopard geckos
  43 orcs
  3 giant cockroaches
  8 goblins
  5 hobgoblins
  19 jackals
  7 kobolds
  6 quokkas
  4 ball pythons
  A ball python zombie (D:6)
  6 bats
  5 frilled lizards
  A jackal skeleton (D:3)
  A leopard gecko zombie (D:8)
  A quokka skeleton (D:4)
  11 rats
  A plant (Lair:2)
425 creatures vanquished.

Vanquished Creatures (collateral kills)
  Snorg (Lair:4)
  An ugly thing (D:11)
  A spiny frog (Lair:4)
  A rime drake (Lair:4)
  A hippogriff (D:11)
  2 dream sheep (Lair:4)
  6 wolves (Lair:4)
  A scorpion (D:8)
  2 killer bees (Lair:4)
  A crimson imp (D:7)
  2 bullfrog zombies
  2 hounds (D:7)
  2 gnolls (D:7)
  An orc (D:10)
  2 jackals (D:7)
  A plant (Lair:4)
27 creatures vanquished.

Vanquished Creatures (others)
  3 fungi
  A plant (Lair:4)
4 creatures vanquished.

Grand Total: 456 creatures vanquished

Notes
Turn   | Place    | Note
-------+----------+-------------------------------------------
     0 | D:1      | DerDa the Mummy Necromancer began the quest for the Orb.
     0 | D:1      | Reached XP level 1. HP: 13/13 MP: 4/4
   144 | D:1      | Reached skill level 3 in Spellcasting
   250 | D:1      | Reached XP level 2. HP: 17/19 MP: 0/6
   253 | D:1      | Learned a level 1 spell: Animate Skeleton
  1449 | D:2      | Reached XP level 3. HP: 23/24 MP: 1/8
  1457 | D:2      | Learned a level 3 spell: Vampiric Draining
  2359 | D:2      | Found a burning altar of Makhleb.
  2359 | D:2      | Noticed a green death
  2460 | D:2      | Reached skill level 1 in Shields
  2736 | D:3      | Reached skill level 4 in Spellcasting
  2736 | D:3      | Reached XP level 4. HP: 30/30 MP: 2/10
  2759 | D:3      | Learned a level 4 spell: Animate Dead
  3012 | D:3      | You fall into a shaft and drop 2 floors!
  3012 | D:5      | Entered Level 5 of the Dungeon
  3061 | D:4      | Found Vummishru's Food Shoppe.
  3209 | D:4      | Reached skill level 5 in Necromancy
  3209 | D:4      | Reached XP level 5. HP: 35/35 MP: 4/11
  3630 | D:4      | Reached skill level 5 in Spellcasting
  3712 | D:4      | Reached XP level 6. HP: 18/41 MP: 4/13
  4051 | D:3      | Found a stormy altar of Qazlal.
  5120 | D:4      | Learned a level 5 spell: Agony
  5440 | D:5      | Reached XP level 7. HP: 46/46 MP: 15/15
  5592 | D:5      | Reached skill level 6 in Spellcasting
  7400 | D:5      | Noticed Eustachio
  7441 | D:5      | Killed Eustachio
  7792 | D:6      | Noticed Blork the orc
  8589 | D:7      | Reached skill level 7 in Spellcasting
  8589 | D:7      | Reached XP level 8. HP: 14/52 MP: 9/18
  8997 | D:7      | Found a shadowy altar of Dithmenos.
  9320 | D:7      | Identified a scroll of acquirement
  9351 | D:7      | Found a staircase to the Ecumenical Temple.
  9356 | Temple   | Entered the Ecumenical Temple
  9527 | D:7      | Found a bloodstained altar of Trog.
  9563 | D:7      | Reached skill level 8 in Spellcasting
  9604 | D:7      | Reached skill level 9 in Spellcasting
  9659 | D:6      | HP: 1/52 [yak (15)]
  9739 | D:6      | Reached XP level 9. HP: 24/57 MP: 15/22
  9902 | D:6      | Acquired 1220 gold pieces
  9968 | D:7      | Found a shattered altar of Ashenzari.
 10820 | D:8      | Reached skill level 10 in Spellcasting
 11078 | D:8      | Found a shimmering blue altar of Sif Muna.
 11089 | D:8      | Became a worshipper of Sif Muna the Loreminder
 11222 | D:8      | Found a sparkling altar of Nemelex Xobeh.
 11536 | D:8      | Found a hazy altar of Hepliaklqana.
 11822 | D:8      | Reached skill level 11 in Spellcasting
 11827 | D:8      | Reached skill level 10 in Necromancy
 12287 | D:9      | Noticed a troll
 12300 | D:9      | Killed a troll
 12579 | D:9      | Reached * piety under Sif Muna
 12680 | D:8      | Reached XP level 10. HP: 48/63 MP: 8/25
 13933 | D:9      | Reached skill level 1 in Fighting
 13941 | D:9      | Found a staircase to the Lair.
 14091 | D:9      | Noticed an elephant
 14119 | D:9      | Killed an elephant
 14119 | D:9      | Reached skill level 1 in Invocations
 14142 | D:9      | Reached skill level 12 in Spellcasting
 15213 | D:10     | Entered Level 10 of the Dungeon
 15290 | D:9      | Reached ** piety under Sif Muna
 15301 | Lair:1   | Entered Level 1 of the Lair of Beasts
 15508 | Lair:1   | Noticed a spiny frog
 15515 | Lair:1   | Killed a spiny frog
 15570 | Lair:1   | Noticed a spiny frog
 15577 | Lair:1   | Killed a spiny frog
 16290 | Lair:1   | Noticed a spiny frog
 16296 | Lair:1   | Killed a spiny frog
 16296 | Lair:1   | Reached XP level 11. HP: 76/77 MP: 10/27
 17482 | Lair:1   | Reached skill level 5 in Fighting
 17530 | Lair:1   | Reached skill level 13 in Spellcasting
 17683 | Lair:2   | Found a staircase to the Swamp.
 18813 | Lair:2   | Reached *** piety under Sif Muna
 19450 | Lair:3   | Found a hole to the Spider Nest.
 19956 | Lair:3   | You fall into a shaft and drop 2 floors!
 20114 | Lair:5   | Noticed a seven-headed hydra
 20126 | Lair:5   | Killed a seven-headed hydra
 20126 | Lair:5   | Reached XP level 12. HP: 59/89 MP: 23/29
 21364 | Lair:4   | Noticed Nessos
 21462 | Lair:3   | Noticed Fannar
 21814 | Lair:3   | Killed Fannar
 21814 | Lair:3   | Reached skill level 14 in Spellcasting
 22191 | Lair:3   | Noticed a four-headed hydra
 22199 | Lair:3   | Killed a four-headed hydra
 22941 | Lair:4   | Noticed a seven-headed hydra
 22955 | Lair:4   | Killed a seven-headed hydra
 23132 | Lair:4   | Noticed Snorg
 23264 | D:10     | Reached **** piety under Sif Muna
 23550 | D:10     | Found a staircase to the Orcish Mines.
 23837 | D:10     | Reached skill level 5 in Invocations
 24119 | D:10     | Reached skill level 5 in Dodging
 24876 | D:11     | Noticed Maurice
 24957 | D:11     | Noticed Psyche
 24973 | D:11     | Killed Psyche
 25325 | D:11     | Noticed a two-headed ogre
 25349 | D:11     | Killed a two-headed ogre
 25531 | D:11     | Noticed a two-headed ogre
 25568 | D:11     | Reached ***** piety under Sif Muna
 25574 | D:11     | Killed a two-headed ogre
 25574 | D:11     | Gained mutation: You are in touch with the powers of death.
                  | [Mummy growth]
 25574 | D:11     | Reached XP level 13. HP: 70/99 MP: 30/31
 25683 | D:11     | Identified Sif Muna's Papyrus of Hurtful Darkness (Sif Muna
                  | gifted it to you on level 11 of the Dungeon)
 25683 | D:11     | Received a gift from Sif Muna
 26249 | Orc:1    | Entered Level 1 of the Orcish Mines
 26253 | Orc:1    | Noticed an orc warlord
 26355 | Orc:1    | Noticed Erolcha
 26640 | D:10     | Killed an orc warlord
 26877 | D:10     | Reached skill level 15 in Spellcasting
 27139 | D:10     | Killed Erolcha
 27321 | Orc:1    | Noticed a stone giant
 27557 | Lair:3   | Killed Nessos
 27943 | Lair:4   | Killed Snorg
 28144 | Lair:4   | HP: 2/101 [meliai/+0 hand axe (4)]
 28144 | Lair:4   | Killed from afar by a meliai

Illustrated notes

Levels and vault maps discovered:
D:1:      dpeg_arrival_solitude, layout_basic, serial_co_window_serial,
          co_window_of_opportunity_a, co_window_of_opportunity_a,
          co_window_paths_b, co_window_of_opportunity_a, co_window_corner_a,
          co_window_corner_a, co_window_2corner, co_window_corner_ca,
          co_window_broadway_a, co_window_corner_cb, co_window_unsneaky_path_d,
          co_window_paths_d, co_window_paths_e, glass_columns_b,
          glass_columns_b, chequers_arboretum
D:2:      layout_loops_corners, minmay_misc_feat_encased, nrook_loot_triangle,
          makhleb_altar_promises_db
D:3:      layout_basic, lemuel_doored_altar
D:4:      minmay_door_path, layout_cave_pools, serial_shops, shop, first_ration,
          kennysheep_windowed_goal
D:5:      layout_gridville, uniq_eustachio
D:6:      layout_basic, uniq_blork_the_orc
D:7:      layout_cave_pools, lightli_temple_of_fire,
          nicolae_dithmenos_through_a_glass_darkly,
          lemuel_coloured_pillars_altar, temple_doors_e, serial_gnoll_camp,
          gnoll_camp_medium_02, gnoll_camp_mini_house, gnoll_camp_mini_basic,
          gnoll_camp_mini_house, kennysheep_crisscross, grunt_livestock
D:8:      layout_basic, lemuel_crystal_altar, old_standard_altar, basic_altar
D:9:      layout_loops_corners, david_lair_generic
D:10:     minmay_shrinking_squares, layout_basic, minmay_orc_entry_guard_dogs,
          grunt_ministairs_6, minmay_fire_ice_demons
D:11:     layout_basic, uniq_psyche, uniq_maurice
Temple:   lightli_temple_of_artemis
Lair:1:   layout_misc_corridors
Lair:2:   layout_loops_ring, swamp_mist_pool, serial_bayou_shore_b
Lair:3:   layout_misc_corridors, dummy_spider_entry, grunt_megastairs_3,
          uniq_fannar
Lair:4:   hangedman_what_comes_after_a, layout_cave_pods, basic_altar,
          grunt_forest_large_clearings, uniq_snorg, uniq_nessos
Lair:5:   layout_regular_city, minmay_lair_oklob_chamber
Orc:1:    layout_diamond_mine, uniq_erolcha, uniq_harold

Skill      XL: |  1  2  3  4  5  6  7  8  9 10 11 12 13 |
---------------+----------------------------------------+-----
Spellcasting   | 3 4 5 7 9 11 12 13 14 15 | 15.3
Shields        | 1 2 3 4 |  4.0
Necromancy     | 5 6 8 10 11 12 13 | 13.5
Fighting       | 4 6 8 9 |  9.3
Dodging        | 2 4 5 |  5.6
Invocations    | 2 4 5 |  5.7
Stealth        | |  1.5

Action                   |  1- 3 |  4- 6 |  7- 9 | 10-12 | 13-15 || total
-------------------------+-------+-------+-------+-------+-------++-------
Melee: Club              |     2 |    18 |       |       |       ||    20
       Falchion          |       |     5 |   202 |       |       ||   207
       Spear             |       |       |   269 |   577 |       ||   846
       Demon whip        |       |       |       |     2 |       ||     2
       Whip              |       |       |       |    83 |   115 ||   198
       Demon blade       |       |       |       |    10 |    50 ||    60
 Fire: Hunting sling     |       |    20 |    95 |       |       ||   115
Throw: Dart              |     4 |    13 |     4 |    72 |     5 ||    98
 Cast: Pain              |    90 |   123 |   176 |   168 |    15 ||   572
       Vampiric Draining |       |     3 |    32 |   155 |    54 ||   244
       Agony             |       |       |     2 |   116 |    16 ||   134
       Animate Dead      |       |       |    10 |    22 |     6 ||    38
Invok: Channel Magic     |       |       |       |     1 |       ||     1
  Use: Scroll            |     3 |       |     8 |    13 |     6 ||    30
 Stab: Sleeping          |       |       |     1 |     3 |       ||     4
Armor: Robe              |     4 |     9 |   152 |    39 |       ||   204
       Troll leather arm |       |       |       |   255 |    89 ||   344
Dodge: Dodged            |    13 |    50 |   347 |   603 |   235 ||  1248
Block: Buckler           |       |       |   137 |   226 |   110 ||   473
       Rpst.: Falchion   |       |     2 |    36 |       |       ||    38
       Demon blade       |       |       |       |     3 |    13 ||    16
